 Dungeon Crawl Stone Soup version 0.29-a0-323-g050149af67 (webtiles) character file.

Game seed: 8514616142161738997

3746 oblizorion1 the Spear-Bearer (level 10, -7/86 HPs)
             Began as a Hill Orc Fighter on Apr 11, 2022.
             Was an Initiate of Ashenzari.
             Mangled by a brown ugly thing (8 damage)
             ... on level 8 of the Dungeon.
             The game lasted 00:37:21 (9761 turns).

oblizorion1 the Spear-Bearer (Hill Orc Fighter)     Turns: 9761, Time: 00:37:23

Health: -7/86      AC:  7    Str: 22    XL:     10   Next: 15%
Magic:  10/10      EV: 10    Int: 15    God:    Ashenzari [......]
Gold:   165        SH:  9    Dex: 12    Spells: 7/9 levels left

rFire   + . .      SeeInvis .   o - +9 trident of Floods {freeze, rC+ Int+7}
rCold   + . .      Faith    .   s - +0 kite shield
rNeg    . . .      Spirit   .   t - +5 ring mail "Xolaak" {rF+ Will+}
rPois   +          Reflect  .   r - +0 helmet
rElec   .          Harm     .   f - +0 cloak
rCorr   .          Rampage  .   (no gloves)
Will    +....                   c - +0 pair of boots
Stlth   +.........              (no amulet)
HPRegen 0.24/turn               A - ring of poison resistance
MPRegen 0.12/turn               (no ring)

@: corroded
A: no striking features
a: Renounce Religion, Curse Item


You were on level 8 of the Dungeon.
You worshipped Ashenzari.
Ashenzari was noncommittal.
You visited 2 branches of the dungeon, and saw 9 of its levels.

You collected 414 gold pieces.
You spent 249 gold pieces at shops.

Inventory:

Hand Weapons
 a - a +0 hand axe of venom
 o - the +9 trident of Floods (weapon) {freeze, rC+ Int+7}
   (You found it on level 6 of the Dungeon)

   It freezes those it strikes, dealing additional cold damage.
   It can also slow down cold-blooded creatures.
   Int:       It affects your intelligence (+7).
   rC:        It protects you from cold.
 u - a +4 flail
Armour
 c - a +0 pair of boots (worn)
 f - a +0 cloak (worn)
 r - a +0 helmet (worn)
 s - a +0 kite shield (worn)
 t - the +5 ring mail "Xolaak" (worn) {rF+ Will+}
   (You took it off a gnoll shaman on level 4 of the Dungeon)

   rF:        It protects you from fire.
   Will:      It increases your willpower.
Magical Staves
 v - a staff of air
Jewellery
 A - a ring of poison resistance (left hand)
Wands
 x - a wand of mindburst (13) (quivered)
Scrolls
 b - a scroll of fog {unknown}
 g - a scroll of fear {unknown}
 h - 5 scrolls of teleportation
 j - a scroll of silence {unknown}
 p - a scroll of torment {unknown}
 q - a scroll of enchant armour {unknown}
Potions
 e - a potion of brilliance {unknown}
 k - 2 potions of curing
 l - a potion of resistance {unknown}
 m - a potion of magic {unknown}
 n - a potion of mutation {unknown}
 w - a potion of haste {unknown}


   Skills:
 + Level 7.4 Fighting
 + Level 7.8(10.0) Axes
 + Level 8.0(9.1) Polearms
 + Level 0.2 Throwing
 + Level 7.7 Armour
 + Level 4.0 Dodging
 + Level 1.4 Stealth
 + Level 5.6 Shields


You had 7 spell levels left.
You knew the following spells:

 Your Spells              Type           Power      Damage    Failure   Level
a - Shock                 Conj/Air       0%         1d3       75%         1
b - Beastly Appendage     Tmut           0%         N/A       75%         1

Your spell library contained the following spells:

 Spells                   Type           Power      Damage    Failure   Level
 Wereblood                Tmut           0%         N/A       86%         2
 Spider Form              Tmut/Pois      0%         N/A       98%         3
 Swiftness                Air            0%         N/A       98%         3
 Airstrike                Air            0%         N/A       100%        4
 Borgnjor's Revivificati  Necr           0%         N/A       100%        8
 Necromutation            Tmut/Necr      0%         N/A       100%        8
 Death's Door             Necr           0%         N/A       100%        9


Dungeon Overview and Level Annotations

Branches:
Dungeon (8/15)             Temple (1/1) D:4
   Lair: D:8-11

Altars:
Ashenzari
Cheibriados
Dithmenos
Fedhas
Gozag
Hepliaklqana
Kikubaaqudgha
Makhleb
Okawaru
Qazlal
Ru
Sif Muna
Trog
Vehumet
Wu Jian
Xom
Yredelemnul
Zin
The Shining One

Shops:
D:6 *(!


Message History

The kobold brigand hits you but does no damage.
You closely miss the kobold brigand.
The kobold brigand hits you but does no damage.
You hit the kobold brigand. You freeze the kobold brigand.
The kobold brigand is lightly wounded.
The kobold brigand hits you but does no damage.
You puncture the kobold brigand! You freeze the kobold brigand.
The kobold brigand is almost dead.
The kobold brigand hits you but does no damage.
You puncture the kobold brigand! You freeze the kobold brigand.
You kill the kobold brigand!
Your base Polearms skill increases to level 8!
You hit the brown ugly thing. You freeze the brown ugly thing.
The brown ugly thing is severely wounded.
The brown ugly thing kicks you. The acid corrodes you!
You are splashed with acid!
You closely miss the brown ugly thing.
The brown ugly thing is severely wounded.
You block the brown ugly thing's attack.
You hit the brown ugly thing. You freeze the brown ugly thing.
The brown ugly thing is almost dead.
The brown ugly thing kicks you.
* * * LOW HITPOINT WARNING * * *
The acid corrodes you!
You are splashed with acid!
* * * LOW HITPOINT WARNING * * *
The brown ugly thing kicks you!
* * * LOW HITPOINT WARNING * * *
You are splashed with acid!
* * * LOW HITPOINT WARNING * * *
Aiming: Mindburst
Press: ? - help, Q - select action, (/) - cycle Shift-Dir - straight line, f - brown ugly thing
Aim: a brown ugly thing (almost dead, chance to affect: 47%)
The brown ugly thing resists with some effort.
You block the brown ugly thing's attack.
Aiming: Mindburst
Press: ? - help, Q - select action, (/) - cycle Shift-Dir - straight line, f/p - brown ugly thing
Aim: a brown ugly thing (almost dead, chance to affect: 47%)
The brown ugly thing resists with some effort.
The brown ugly thing kicks you!
You die...

..# ### ......#
##.# #..... #..#
#.... #..###...#
##........#
######........#
..#...........####
..............'.@#
####.........###u#
# ##........#"..#
# ###..#####...# #
##.# #...# #
#.†..###'## ###..#
.. ..# ?. ###..


You could see a brown ugly thing.

Vanquished Creatures
  The ghost of horus123 the Frost Mage, a novice DgIE (D:8)
  Grinder (D:5)
  Sigmund (D:5)
  A yak (D:8)
  Eustachio (D:6)
  A wraith (D:7)
  A water moccasin (D:7)
  A black bear (D:6)
  An orc warrior (D:5)
  2 centaurs
  2 ogres
  A phantom (D:6)
  A kobold brigand (D:8)
  4 bullfrogs
  A gnoll sergeant (D:6)
  2 scorpions
  A necrophage (D:6)
  5 wights (D:7)
  5 orc priests
  Crazy Yiuf (D:5)
  A gnoll shaman (D:4)
  8 hounds
  A jelly (D:4)
  Natasha (thrice) (D:3)
  7 iguanas
  8 orc wizards
  9 gnolls
  6 adders
  An ufetubus (D:5)
  3 worms
  6 dart slugs
  29 orcs
  4 bats (D:1)
  4 endoplasms
  3 giant cockroaches
  3 goblins
  6 hobgoblins
  2 jackals (D:1)
  5 quokkas
  6 ball pythons
  2 frilled lizards (D:3)
  8 kobolds
  4 rats
163 creatures vanquished.

Vanquished Creatures (others)
  9 fungi (D:4)
9 creatures vanquished.

Grand Total: 172 creatures vanquished

Notes
Turn   | Place    | Note
-------+----------+-------------------------------------------
     0 | D:1      | oblizorion1 the Hill Orc Fighter began the quest for the
                  | Orb.
     0 | D:1      | Reached XP level 1. HP: 19/19 MP: 1/1
   276 | D:1      | Reached XP level 2. HP: 27/27 MP: 2/2
   544 | D:1      | Found a faded altar of an unknown god.
  1112 | D:2      | Reached XP level 3. HP: 17/33 MP: 3/3
  2174 | D:3      | Reached XP level 4. HP: 40/40 MP: 4/4
  2540 | D:3      | Noticed Natasha
  2548 | D:3      | Killed Natasha
  2761 | D:3      | Found a glowing golden altar of the Shining One.
  2863 | D:3      | Noticed Natasha
  2873 | D:3      | Killed Natasha
  2874 | D:3      | Reached skill level 5 in Axes
  2874 | D:3      | Reached XP level 5. HP: 29/47 MP: 5/5
  2878 | D:3      | Noticed Natasha
  2886 | D:3      | Killed Natasha
  3168 | D:4      | Reached skill level 1 in Dodging
  3349 | D:4      | Found a staircase to the Ecumenical Temple.
  3366 | D:4      | Reached XP level 6. HP: 50/53 MP: 6/6
  3397 | Temple   | Entered the Ecumenical Temple
  3735 | Temple   | Became a worshipper of Ashenzari the Shackled
  3789 | D:4      | Found a shadowy altar of Dithmenos.
  4238 | D:4      | Identified the +5 ring mail "Xolaak" {rF+ Will+}
  4448 | D:4      | Reached skill level 5 in Armour
  4890 | D:4      | Found a shimmering blue altar of Sif Muna.
  5210 | D:5      | Entered Level 5 of the Dungeon
  5232 | D:5      | Reached XP level 7. HP: 55/60 MP: 7/7
  5538 | D:5      | Noticed Sigmund
  5546 | D:5      | Killed Sigmund
  5547 | D:5      | Reached skill level 5 in Fighting
  5547 | D:5      | Reached skill level 1 in Polearms
  5556 | D:5      | Found a blossoming altar of Fedhas.
  5709 | D:5      | Reached skill level 2 in Polearms
  5709 | D:5      | Reached XP level 8. HP: 41/68 MP: 8/8
  5949 | D:5      | Noticed Grinder
  5950 | D:5      | Found a bloodstained altar of Trog.
  5955 | D:5      | Killed Grinder
  5956 | D:5      | Reached skill level 3 in Polearms
  6114 | D:5      | Found a hazy altar of Hepliaklqana.
  6156 | D:5      | Found a runed translucent door.
  6157 | D:5      | Noticed Crazy Yiuf
  6174 | D:5      | Killed Crazy Yiuf
  6336 | D:5      | Reached skill level 4 in Polearms
  7007 | D:6      | Reached skill level 5 in Polearms
  7038 | D:6      | Reached skill level 1 in Stealth
  7089 | D:6      | Reached XP level 9. HP: 74/75 MP: 9/9
  7209 | D:6      | Found Caoceob's Assorted Antiques.
  7211 | D:6      | Found Uhohoe's Antique Weapon Shop.
  7240 | D:6      | Bought a runed morningstar for 161 gold pieces
  7284 | D:6      | Found Ocwucw's Distillery.
  7296 | D:6      | Bought a potion of heal wounds for 55 gold pieces
  7296 | D:6      | Bought a potion of curing for 33 gold pieces
  7317 | D:6      | Noticed Eustachio
  7335 | D:6      | Killed Eustachio
  7336 | D:6      | Reached skill level 6 in Polearms
  7389 | D:6      | Identified the +9 trident of Floods {freeze, rC+ Int+7}
  7742 | D:6      | Found an opulent altar of Gozag.
  7884 | D:6      | Found a radiant altar of Vehumet.
  8178 | D:7      | Found a runed translucent gate.
  8178 | D:7      | Found a runed translucent gate.
  8180 | D:7      | Found a runed translucent gate.
  8180 | D:7      | Noticed horus123's ghost (novice DgIE)
  8487 | D:7      | Found a burning altar of Makhleb.
  8551 | D:7      | Found an ancient bone altar of Kikubaaqudgha.
  8653 | D:7      | Learned a level 1 spell: Shock
  8655 | D:7      | Learned a level 1 spell: Beastly Appendage
  8942 | D:7      | Reached skill level 7 in Polearms
  8942 | D:7      | Reached skill level 5 in Shields
  8951 | D:8      | Killed horus123's ghost
  9307 | D:7      | Reached XP level 10. HP: 77/86 MP: 10/10
  9745 | D:8      | Noticed a brown ugly thing
  9757 | D:8      | Reached skill level 8 in Polearms
  9759 | D:8      | HP: 1/86 [acid (8)]
  9761 | D:8      | Mangled by a brown ugly thing

Illustrated notes

Levels and vault maps discovered:
D:1:      lemuel_arrival_rhombus, layout_basic,
          shapermc_ecumenical_altar_acropolis, st_stairs_6
D:2:      layout_basic
D:3:      layout_basic, nicolae_tso_carved_into_rock, hangedman_feature_mirror,
          uniq_natasha
D:4:      layout_layer_cave, grunt_dithmenos_smoke, lemuel_blue_sif_altar,
          minmay_temple_entry_trees, nrook_loot_triangle, grunt_ministairs_8,
          minmay_misc_feat_iff, dreamdust_mushroom_princess
D:5:      layout_rooms, fedhas_ov_isle_minmay, mainiacjoe_overflow_paths,
          nzn_hepliaklqana_mist_gate, serial_corexii_hall,
          corexii_hall_statues_deadend, corexii_hall_statues_x,
          corexii_hall_statues_s, uniq_grinder, uniq_sigmund,
          uniq_crazy_yiuf_cottage
D:6:      layout_basic, kennysheep_mini_moat,
          mainiacjoe_overflow_small_starburst, serial_shops, shop_statue, shop,
          shop_fountains, serial_co_window_serial, co_window_of_opportunity_a,
          co_window_paths_a, co_window_of_opportunity_a, co_window_paths_a,
          co_window_corner_a, co_window_broadway_c, co_window_unsneaky_path_e,
          co_window_broadway_c, co_window_of_opportunity_b, co_window_paths_d,
          glass_columns_b, glass_columns_a, glass_columns_a, glass_columns_a,
          glass_columns_a, cheibrodos_sewer_entry_bend, minmay_misc_feat_room,
          uniq_eustachio
D:7:      layout_basic, makhleb_heckhound_becter, mainiacjoe_overflow_chevrons,
          gammafunk_ghost_split
D:8:      wad_cavern_with_rooms, layout_basic, gammafunk_temple_overflow_statue,
          serial_shops, shop_fountains, uniq_erica, uniq_gastronok
Temple:   compressed_dpeg_triangle_lava_temple

Skill      XL: |  1  2  3  4  5  6  7  8  9 10 |
---------------+-------------------------------+-----
Fighting       | 4 5 6 7 |  7.4
Axes           | 3 4 5 6 7 |  7.8
Armour         | 4 5 6 7 |  7.7
Dodging        | 1 2 3 4 |  4.0
Polearms       | 2 5 7 8 |  8.0
Shields        | 4 5 |  5.6
Stealth        | 1 |  1.4
Throwing       | |  0.2

Action                   |  1- 3 |  4- 6 |  7- 9 | 10-12 || total
-------------------------+-------+-------+-------+-------++-------
Melee: War axe           |    91 |    87 |       |       ||   178
       Hand axe          |       |    59 |    29 |       ||    88
       Trident           |       |       |   261 |    46 ||   307
Throw: Throwing net      |       |     1 |     1 |       ||     2
Evoke: Wand              |       |       |     1 |     2 ||     3
  Use: Scroll            |       |     4 |     3 |       ||     7
       Potion            |       |       |     3 |       ||     3
 Stab: Distracted        |       |       |     1 |       ||     1
Armor: Scale mail        |    13 |       |       |       ||    13
       Chain mail        |    53 |    56 |       |       ||   109
       Ring mail         |       |    15 |   112 |    19 ||   146
Dodge: Dodged            |    44 |    40 |   128 |    11 ||   223
Block: Buckler           |    18 |    24 |    20 |       ||    62
       Kite shield       |       |       |    58 |    14 ||    72

Table legend: (Time is in decaauts)
 A = Elapsed time spent in this place.
 B = Non-inter-level travel time spent in this place.
 C = Inter-level travel time spent in this place.
 D = Time resting spent in this place.
 E = Time spent auto-exploring this place.
 F = Levels seen in this place.
 G = Mean time per level.
                   A        B        C        D        E       F      G
               +--------+--------+--------+--------+--------+-----+--------+
         Total |   9871 |   9493 |    378 |   3087 |   4027 |   9 | 1096.8 |
       Dungeon |   9488 |   9259 |    229 |   3087 |   3798 |   8 | 1186.0 |
        Temple |    382 |    233 |    149 |      0 |    229 |   1 |  382.0 |
               +--------+--------+--------+--------+--------+-----+--------+

Top non-repeatable levels by time:
     D:4: 1676 daAuts
     D:5: 1471 daAuts
     D:6: 1456 daAuts
     D:1: 1120 daAuts
     D:3: 1053 daAuts
     D:2: 1045 daAuts
     D:7: 964 daAuts
     D:8: 701 daAuts
  Temple: 382 daAuts
